 Dungeon Crawl Stone Soup version 0.30.1-9-gdf580d7c3d (webtiles) character file.

Game seed: 13056288960118978921

1332 booth the Chopper (level 8, -1/58 (61) HPs)
             Began as a Demonspawn Gladiator on Sept 30, 2023.
             Slain by a wight
             ... wielding a +0 great sword
              (8 damage)
             ... on level 6 of the Dungeon.
             The game lasted 00:31:25 (5012 turns).

booth the Chopper (Demonspawn Gladiator)            Turns: 5012, Time: 00:31:25

HP:   -1/58 (61)    AC: 21    Str: 14    XL:     8   Next: 34%
MP:   8/8           EV: 11    Int: 11    God:
Gold: 261           SH:  0    Dex: 16    Spells: 7/7 levels left

rFire   + . .        a - +0 war axe (freeze)
rCold   . . .        (no shield)
rNeg    . . .        u - +7 scale mail of Noughts and Crosses {rElec Stlth+}
rPois   .            c - +0 helmet
rElec   +            t - +0 cloak
rCorr   .            o - +1 pair of gloves
SInv    .            (no boots)
Will    .....        g - amulet of the acrobat
Stlth   ++           (no ring)
HPRegen 0.29/turn    (no ring)
MPRegen 0.11/turn

%: acrobat
@: lightly drained
A: molten scales 3, powered by death 1, demonic touch 1
a: no special abilities


You were on level 6 of the Dungeon.
You visited 2 branches of the dungeon, and saw 7 of its levels.

You collected 261 gold pieces.

Inventory:

Hand Weapons
 a - a +0 war axe of freezing (weapon)
 m - a +0 mace
 s - the +4 dagger "Mimeom" {flame, Drain rC+ rN++ Int+3}
   (You found it on level 2 of the Dungeon)

   Int:       It affects your intelligence (+3).
   rC:        It protects you from cold.
   rN:        It greatly protects you from negative energy.
   Drain:     It drains your maximum health when unequipped.
Missiles
 d - 3 throwing nets
 j - 11 poisoned darts (quivered)
 p - a javelin
Armour
 c - a +0 helmet (worn)
 k - a +0 ring mail
 o - a +1 pair of gloves (worn)
 t - a +0 cloak (worn)
 u - the +7 scale mail of Noughts and Crosses (worn) {rElec Stlth+}
   (You found it on level 3 of the Dungeon)

   rElec:     It insulates you from electricity.
   Stlth:     It makes you more stealthy.
Jewellery
 g - an amulet of the acrobat (around neck)
Wands
 e - a wand of roots (5)
Scrolls
 f - a scroll of torment
 n - a scroll of teleportation
 q - 2 scrolls of blinking
 r - a scroll of summoning
 w - a scroll of magic mapping
 x - a scroll of fear
 y - a scroll of amnesia
Potions
 b - 5 potions of curing
 h - 2 potions of haste
 i - 2 potions of brilliance
 l - 2 potions of ambrosia
 v - a potion of magic {unknown}
 z - a potion of attraction {unknown}


   Skills:
 + Level 4.9 Fighting
 * Level 6.1 Axes
 + Level 4.5 Throwing
 + Level 4.9 Dodging
 + Level 1.7 Stealth


You had 7 spell levels left.
You didn't know any spells.
Your spell library contained the following spells:

 Spells                   Type           Power      Damage    Failure   Level
 Sandblast                Erth           0%         2d4       85%         1
 Slow                     Hex            0%         N/A       85%         1
 Summon Small Mammal      Summ           0%         N/A       85%         1
 Blink                    Tloc           0%         N/A       94%         2
 Ensorcelled Hibernation  Hex/Ice        0%         N/A       94%         2
 Lesser Beckoning         Tloc           0%         N/A       94%         2
 Momentum Strike          Conj/Tloc      0%         3d8       94%         2
 Passwall                 Tmut/Erth      0%         N/A       94%         2
 Call Canine Familiar     Summ           0%         N/A       99%         3
 Confusing Touch          Hex            0%         N/A       99%         3
 Stone Arrow              Conj/Erth      0%         3d7       99%         3
 Summon Guardian Golem    Hex/Summ       0%         N/A       99%         3
 Swiftness                Air            0%         N/A       99%         3
 Vampiric Draining        Necr           0%         2d6       99%         3


Dungeon Overview and Level Annotations

Branches:
Dungeon (6/15)             Temple (1/1) D:5

Altars:
Dithmenos
Gozag
Kikubaaqudgha
Makhleb
Nemelex Xobeh
Okawaru
Qazlal
Trog
Uskayaw
Vehumet
Wu Jian
Xom
Yredelemnul


Innate Abilities, Weirdness & Mutations

You are completely covered in molten scales. (AC +4, rF+)
You regenerate a little health from kills.
Your touch may inflict minor irresistible damage on your foes.


Message History

You closely miss the wight. The wight closely misses you.
The wight hits you with a +0 great sword!
The wight closely misses you. The wight barely misses you.
You hit the wight but do no damage.
You touch the wight.
The wight is almost destroyed.
You closely miss the wight. The wight closely misses you.
The wight hits you with a +0 great sword.
You feel drained.
You slash the wight!
You destroy the wight!
You hit the wight but do no damage.
The wight hits you with a +0 great sword!
Your life force feels restored.
You hit the wight.
The wight is moderately damaged.
The wight hits you but does no damage.
You closely miss the wight.
The wight is moderately damaged.
The wight closely misses you.
You closely miss the wight.
The wight is moderately damaged.
The wight hits you but does no damage. x2
You hit the wight.
The wight is heavily damaged.
The wight hits you with a +0 great sword!
You feel drained.
* * * LOW HITPOINT WARNING * * *
You completely miss the wight.
The wight is heavily damaged.
The wight barely misses you.
You hit the wight but do no damage.
The wight is heavily damaged.
The wight hits you with a +0 great sword!
* * * LOW HITPOINT WARNING * * *
You feel drained.
* * * LOW HITPOINT WARNING * * *
You closely miss the wight. Your touch misses the wight.
The wight is heavily damaged.
The wight hits you with a +0 great sword!
You die...

#.# #§# ..# # #§# . #<#
.####.####. #.# ....°.... #.#
### #...#.# #.# ..##
######.....# #.#
...####...##...#########.####
....zz†.#.....)z@...........#
..#####...#################.#
..# ##.## # ..# #<# ..# #)#
..# #.# ### #.# #.# #.#


You could see a wight.

Vanquished Creatures
  Sigmund (D:2)
  Eustachio (D:5)
  2 centaurs (D:5)
  Blork the orc (D:5)
  2 bullfrogs
  A scorpion (D:5)
  A wight (D:6)
  2 hounds
  A jelly (D:4)
  Crazy Yiuf (D:5)
  Jessica (D:2)
  5 iguanas
  10 gnolls
  7 adders
  A shadow imp (D:3)
  A white imp (D:5)
  2 ufetubi
  A dart slug (D:2)
  5 orcs
  8 ball pythons
  7 bats
  7 endoplasms
  4 giant cockroaches
  2 hobgoblins
  12 jackals
  5 kobolds
  6 quokkas
  3 frilled lizards
  14 goblins
  24 rats
138 creatures vanquished.

Vanquished Creatures (others)
  An adder (D:5)
  An orc (D:6)
2 creatures vanquished.

Grand Total: 140 creatures vanquished

Notes
Turn   | Place    | Note
-------+----------+-------------------------------------------
     0 | D:1      | booth the Demonspawn Gladiator began the quest for the Orb.
     0 | D:1      | Reached XP level 1. HP: 16/16 MP: 1/1
    95 | D:1      | Gained mutation: Your touch may inflict minor irresistible
                  | damage on your foes. [demonic ancestry]
    95 | D:1      | Reached XP level 2. HP: 22/22 MP: 2/2
   802 | D:1      | Reached skill level 3 in Axes
  1071 | D:2      | Gained mutation: You are partially covered in molten
                  | scales. (AC +2) [demonic ancestry]
  1071 | D:2      | Reached XP level 3. HP: 23/28 MP: 3/3
  1208 | D:2      | Noticed Sigmund
  1223 | D:2      | Killed Sigmund
  1224 | D:2      | Gained mutation: You are mostly covered in molten scales.
                  | (AC +3) [demonic ancestry]
  1224 | D:2      | Reached XP level 4. HP: 32/35 MP: 4/4
  1224 | D:2      | Reached XP level 5. HP: 38/41 MP: 5/5
  1381 | D:2      | Noticed Jessica
  1384 | D:2      | Killed Jessica
  1468 | D:2      | Gained mutation: You regenerate a little health from kills.
                  | [demonic ancestry]
  1468 | D:2      | Reached XP level 6. HP: 47/47 MP: 6/6
  1593 | D:2      | Reached skill level 4 in Axes
  1797 | D:2      | Identified the +4 dagger "Mimeom" {flame, Drain rC+ rN++
                  | Int+3}
  1998 | D:3      | Identified the +7 scale mail of Noughts and Crosses {rElec
                  | Stlth+}
  2018 | D:3      | Found an iron altar of Okawaru.
  2212 | D:3      | Found a stormy altar of Qazlal.
  3506 | D:4      | Identified the +6 short sword of Bosonil {freeze, *Rage
                  | Will+ Str+9}
  3626 | D:5      | Entered Level 5 of the Dungeon
  3635 | D:5      | Gained mutation: You are completely covered in molten
                  | scales. (AC +4, rF+) [demonic ancestry]
  3635 | D:5      | Reached XP level 7. HP: 46/53 MP: 7/7
  3660 | D:5      | Noticed Eustachio
  3693 | D:5      | Killed Eustachio
  3694 | D:5      | Reached skill level 5 in Axes
  3796 | D:5      | Found a staircase to the Ecumenical Temple.
  3807 | Temple   | Entered the Ecumenical Temple
  4277 | D:5      | Reached XP level 8. HP: 61/61 MP: 8/8
  4310 | D:5      | Noticed Blork the orc
  4319 | D:5      | Killed Blork the orc
  4467 | D:5      | Reached skill level 1 in Stealth
  4641 | D:5      | Found a runed translucent door.
  4642 | D:5      | Noticed Crazy Yiuf
  4761 | D:5      | Killed Crazy Yiuf
  4859 | D:6      | Reached skill level 6 in Axes
  5012 | D:6      | Slain by a wight

Illustrated notes

Levels and vault maps discovered:
D:1:      lemuel_arrival_behind_the_door_large, layout_loops_ring,
          serial_bayou_lagoon_a, minmay_misc_feat_plants,
          corexii_leaking_fountain, serial_bayou_pond_c, minmay_pentomino_t4
D:2:      layout_basic, item_on_display_a, uniq_jessica, uniq_sigmund
D:3:      layout_basic, okawaru_gym_becter, nicolae_qazlal_general_emergency,
          lemuel_round_altar, minmay_ruptured
D:4:      layout_basic, minmay_misc_feat_four_crosses, minmay_rat_hole
D:5:      layout_basic, minmay_temple_entry_large_hall,
          kennysheep_generic_room_14, uniq_eustachio, uniq_crazy_yiuf_cottage,
          uniq_blork_the_orc
D:6:      layout_loops_ring, lemuel_flamethrower_2
Temple:   minmay_temple_bridge_abc

Skill      XL: |  1  2  3  4  5  6  7  8 |
---------------+-------------------------+-----
Throwing       | 2 3 4 |  4.5
Dodging        | 3 4 |  4.9
Axes           | 3 4 5 6 |  6.1
Fighting       | 3 4 |  4.9
Stealth        | 1 |  1.7

Action                     |  1- 3 |  4- 6 |  7- 9 || total
---------------------------+-------+-------+-------++-------
  Melee: War axe           |    64 |   178 |    80 ||   322
         Touch             |     5 |    29 |    23 ||    57
         Punch             |       |     2 |     1 ||     3
  Throw: Dart              |     4 |     3 |       ||     7
         Javelin           |     1 |     1 |       ||     2
  Evoke: Wand              |       |       |     1 ||     1
    Use: Scroll            |     3 |     8 |     2 ||    13
         Potion            |       |     3 |     1 ||     4
   Stab: Sleeping          |     1 |       |       ||     1
 Armour: Leather armour    |    13 |       |       ||    13
         Ring mail         |    13 |    21 |       ||    34
         Scale mail        |       |    72 |    59 ||   131
  Dodge: Dodged            |    33 |   144 |    83 ||   260
